AoeStats
← Eladoking123

Hill Fort

506343957Analyzed
4v4 RM · 18d ago on Sep 13, 2026· 25m 0s· 8 players
Game mode
Random Map
Map size
Large (8 player)
Population
200
Speed
Normal
Resources
Standard
Victory
Conquest
Starting age
Dark Age
Ending age
Imperial Age
RankedLock teamsTeams togetherTeam positionsShared explorationLock speedFull tech treeHidden civsTurbo modeCheats
Victory
Defeat
🇲🇽 Koreans · Mexico
827
+11
🇦🇷 Britons · Argentina
825
+11
🇦🇷 Romans · Argentina
825
+11
🇦🇷 Romans · Argentina
817
+12
🇨🇳 Persians · China
758
-12
🇳🇱 Hindustanis · Netherlands
757
-12
🇺🇸 Teutons · United States
739
-12
🇯🇵 Vietnamese · Japan
643
-9
nel
3:18 Loom
10:57 Feudal Age
11:26 Double-Bit Axe
11:24 Horse Collar
19:07 Castle Age
19:22 Gold Mining
20:07 Bow Saw
19:59 Heavy Plow
20:41 Wheelbarrow
20:53 Man-at-Arms
21:51 Hand Cart
21:45 Stone Mining
23:21 Caravan
24:10 Gold Shaft Mining
Shoki
2:29 Loom
11:16 Feudal Age
11:49 Town Watch
11:54 Double-Bit Axe
13:48 Wheelbarrow
16:22 Horse Collar
24:29 Castle Age
serendipity
11:26 Feudal Age
15:27 Castle Age
13:46 Double-Bit Axe
14:39 Horse Collar
16:36 Wheelbarrow
16:14 Bow Saw
Jawaharlal NEHRU
9:28 Loom
12:51 Feudal Age
13:44 Double-Bit Axe
14:31 Horse Collar
23:44 Castle Age
23:59 Wheelbarrow
23:55 Gold Mining
Namtar
0:27 Loom
10:14 Feudal Age
17:52 Castle Age
16:37 Double-Bit Axe
16:36 Horse Collar
19:04 Wheelbarrow
19:55 Bow Saw
25:25 Gold Mining
Eladoking123
4:46 Loom
12:03 Feudal Age
14:06 Wheelbarrow
13:41 Horse Collar
17:58 Castle Age
16:13 Double-Bit Axe
16:58 Man-at-Arms
19:13 Squires
18:34 Long Swordsman
24:01 Forging
23:52 Scale Mail Armor
𒉭 Kusu 𒉭
6:29 Loom
11:01 Feudal Age
13:25 Double-Bit Axe
14:50 Stone Mining
18:44 Horse Collar
23:09 Castle Age
22:29 Wheelbarrow
Intelwhite
3:42 Loom
15:28 Feudal Age
20:48 Castle Age
18:50 Double-Bit Axe
20:31 Scale Mail Armor
20:41 Forging
23:00 Gold Mining
23:47 Wheelbarrow
22:56 Horse Collar
24:49 Bow Saw
Connection lost

Rejoining the realm…

Still unreachable

The connection could not be restored.

Session expired

The server has moved on; the page needs a fresh start.